 Dungeon Crawl Stone Soup version 0.31-a0-300-g4ac5daa9c1 (webtiles) character file.

Game seed: 12385483161631413601

29014 Wroll the Brawler (level 13, 0/148 (152) HPs)
             Began as a Troll Shapeshifter on July 16, 2023.
             Was a High Priest of Ru.
             Slain by a red ugly thing (18 damage)
             ... on level 13 of the Dungeon.
             The game lasted 00:22:46 (10263 turns).

Wroll the Brawler (Troll Shapeshifter)             Turns: 10263, Time: 00:22:47

HP:   0/148 (152)   AC: 10    Str: 33    XL:     13   Next: 12%
MP:   0/12          EV: 12    Int:  4    God:    Ru [*****.]
Gold: 904           SH:  0    Dex: 12    Spells: 12/12 levels left

rFire   . .          .
                       - Unarmed
rCold   . . .        (shield currently unavailable)
rNeg    . . .        p - melded +0 swamp dragon scales
rPois   +            (helmet currently unavailable)
rElec   .            z - melded +0 cloak
rCorr   .            (gloves unavailable)
SInv    +            (boots unavailable)
Will    .....        x - amulet of guardian spirit
Stlth   +            a - ring of poison resistance
HPRegen 1.24/turn    E - ring of see invisible
MPRegen 0.13/turn

%: guardian spirit
@: exhausted, snake-form, lightly drained, unable to drink
A: constrict, boosted hp, large, unfitting armour, (claws 3), regeneration 1,
(shaggy fur 1), (tough skin 1), inability to drink after injury 2, inability to
use devices, hated by all, disrupted magic 2
a: Begin Untransformation, Renounce Religion, Draw Out Power, Power Leap,
Apocalypse


You were on level 13 of the Dungeon.
You worshipped Ru.
Ru was extremely pleased with you.
You were an enormous anaconda.
You visited 2 branches of the dungeon, and saw 14 of its levels.
You also visited: Sewer, Ossuary and Bailey.

You collected 904 gold pieces.

Inventory:

Armour
 p - +0 swamp dragon scales (melded)
 z - a +0 cloak (melded)
Jewellery
 a - a ring of poison resistance (left hand)
 x - an amulet of guardian spirit (around neck)
 E - a ring of see invisible (right hand)
Talismans
 D - a serpent talisman
Scrolls
 c - a scroll of summoning {unknown}
 g - 8 scrolls of enchant armour
 h - 3 scrolls of fog
 i - 2 scrolls of poison {unknown}
 j - 3 scrolls of vulnerability {unknown}
 k - a scroll of acquirement {unknown}
 n - a scroll of amnesia {unknown}
 o - 5 scrolls of teleportation
 q - 3 scrolls of fear {unknown}
 w - 3 scrolls of immolation
 y - a scroll of revelation {unknown}
 C - a scroll of brand weapon {unknown}
 F - a scroll of enchant weapon {unknown}
 G - a scroll of torment {unknown}
Potions
 b - 4 potions of lignification
 d - a potion of magic
 e - 4 potions of brilliance
 f - 5 potions of heal wounds
 l - a potion of invisibility {unknown}
 m - 3 potions of might
 r - 2 potions of haste
 s - 3 potions of mutation
 t - 3 potions of cancellation {unknown}
 u - a potion of enlightenment {unknown}
 v - 3 potions of curing {unknown}
 A - 5 potions of berserk rage {unknown}
 B - 2 potions of attraction {unknown}


   Skills:
 + Level 8.0 Fighting
 - Level 7.0 Dodging
 - Level 15.0 Unarmed Combat
 + Level 10.5 Shapeshifting


You had 12 spell levels left.
You didn't know any spells.
Your spell library contained the following spells:

 Spells                   Type           Power      Damage    Failure   Level
 Foxfire                  Conj/Fire      0%         2x1d4     67%         1
 Slow                     Hex            0%         N/A       67%         1
 Blink                    Tloc           0%         N/A       80%         2
 Cigotuvi's Dreadful Rot  Necr/Pois/Air  0%         N/A       80%         2
 Confusing Touch          Hex            0%         N/A       94%         3
 Ignite Poison            Fire/Tmut/Pois 0%         N/A       94%         3
 Teleport Other           Tloc           0%         N/A       94%         3
 Vampiric Draining        Necr           0%         2d6       94%         3
 Freezing Cloud           Conj/Ice/Air   0%         6-21      100%        5
 Plasma Beam              Fire/Air       0%         2x1d10    100%        6
 Starburst                Conj/Fire      0%         6d3       100%        6
 Disjunction              Tloc           0%         N/A       100%        8
 Summon Small Mammal      Summ           Unusable   N/A       N/A         1
 Call Canine Familiar     Summ           Unusable   N/A       N/A         3
 Summon Guardian Golem    Hex/Summ       Unusable   N/A       N/A         3
 Malign Gateway           Summ/Tloc      Unusable   N/A       N/A         7

Dungeon Overview and Level Annotations

Branches:
Dungeon (13/15)            Temple (1/1) D:6            Lair (0/5) D:8
    Orc (0/2) D:9           Sewer (visited)         Ossuary (visited)
 Bailey (visited)
 Vaults: D:13-14

Altars:
Ashenzari
Cheibriados
Dithmenos
Elyvilon
Gozag
Kikubaaqudgha
Makhleb
Nemelex Xobeh
Okawaru
Qazlal
Ru
Sif Muna
Trog
Uskayaw
Vehumet
Wu Jian
Xom
Zin
The Shining One

Shops:
D:2 !::   D:9 (

Annotations:
D:12 exclusion: oklob plant
D:13 Lodul


Innate Abilities, Weirdness & Mutations

You are an enormous anaconda.
You have a powerful constriction melee attack.
Your maximum health is increased.
Your armour is entirely melded.
You are incapable of wielding weapons or throwing items.
You are too large for most types of armour.
((You have claws for hands.))
Your natural rate of healing is unusually fast.
((You are covered in fur. (AC +1)))
((You have tough skin. (AC +1)))
You sometimes lose the ability to drink potions when taking damage.
You cannot study or use magical devices.
You are hated by all.
Your casting is disrupted.


Message History

The ogre attacks as you move away! The ogre misses you.
The ogre attacks as you move away! The ogre barely misses you.
Unknown command.
Your surroundings suddenly seem different.
A red ugly thing, a yaktaur and a two-headed ogre come into view.
Found a stone staircase leading down.
The red ugly thing gurgles horribly!
The yaktaur shouts!
The two-headed ogre shouts in stereo!
You hear an angry buzzing noise.
A vampire mosquito comes into view.
The two-headed ogre hits you with a +0 giant club!!
The two-headed ogre barely misses you.
The vampire mosquito buzzes angrily.
You lash the two-headed ogre! You grab the two-headed ogre.
The two-headed ogre is moderately wounded.
You constrict the two-headed ogre.
You body-slam the two-headed ogre!!
The two-headed ogre is almost dead.
You constrict the two-headed ogre.
The two-headed ogre hits you with a +0 giant club.
The two-headed ogre hits you with a +0 giant spiked club!!
* * * LOW HITPOINT WARNING * * *
Unknown command.
Okay, then.
You body-slam the two-headed ogre!!
You kill the two-headed ogre!
The red ugly thing gores you but does no damage.
Your Fighting skill increases to level 8!
Unknown command.
Okay, then.
You lash the red ugly thing! You grab the red ugly thing.
The red ugly thing is moderately wounded.
You constrict the red ugly thing.
A vampire mosquito comes into view.
The vampire mosquito bites you.
* * * LOW HITPOINT WARNING * * *
The vampire mosquito draws strength from your injuries!
The red ugly thing gores you!
* * * LOW HITPOINT WARNING * * *
You are engulfed in flames!!
You die...

#############
#...........#
#.....>.....#
#...........#
##...........#
.......
.......).....#
......(
#....uS.....#
.......
#.....cy....#
.......
#...........#
.......
#...........#
O......
#...........#
.......
#...........#
#
#...........#
##
##########y##
O# #..


You could see a red ugly thing, a yaktaur and 2 vampire mosquitoes.

Vanquished Creatures
  Erolcha (D:12)
  2 hydras (D:13)
  4 centaur warriors
  Erica (D:8)
  2 boulder beetles
  4 two-headed ogres
  A tengu warrior (D:13)
  Urug (D:12)
  A skeletal warrior (D:11)
  2 orc knights
  2 ugly things
  2 manticores
  2 cyclopes (D:13)
  A gargoyle (D:13)
  6 kobold demonologists
  An unseen horror (D:11)
  2 komodo dragons (D:11)
  4 trolls
  A hornet (D:7)
  5 slime creatures (D:12)
  6 yaks
  5 wraiths
  3 vampires
  A wyvern (D:9)
  19 vampire mosquitoes
  Menkaure (D:5)
  3 acid dragons
  A water moccasin (D:6)
  Duvessa (D:5)
  24 orc warriors
  Pargi (Sewer)
  3 ice beasts
  A black bear (D:5)
  8 centaurs
  3 ogres (D:13)
  A phantom (D:4)
  6 kobold brigands
  An elf zombie (D:5)
  A scorpion (D:6)
  2 bullfrogs
  An elf skeleton (D:5)
  10 wights
  Dowan (D:5)
  10 killer bees
  2 howler monkeys
  2 centaur zombies (Ossuary)
  5 orc priests
  2 hounds
  A jelly (D:6)
  A gnoll bouda (D:7)
  2 human zombies
  A sleepcap (D:7)
  3 iguanas
  2 human skeletons (D:5)
  9 orc wizards
  3 mummies (Ossuary)
  3 gnolls (D:7)
  10 adders
  3 worms
  3 dart slugs
  58 orcs
  4 bats
  5 endoplasms
  6 giant cockroaches
  A gnoll zombie (Ossuary)
  3 hobgoblins
  9 jackals
  8 quokkas
  4 ball pythons
  2 frilled lizards
  2 goblins
  3 goblin zombies (Ossuary)
  A hobgoblin zombie (Ossuary)
  15 kobolds
  An orc skeleton (D:5)
  5 rats
337 creatures vanquished.

Vanquished Creatures (others)
  A water moccasin (D:6)
  A human (D:5)
2 creatures vanquished.

Grand Total: 339 creatures vanquished

Notes
Turn   | Place    | Note
-------+----------+-------------------------------------------
     0 | D:1      | Wroll the Troll Shapeshifter began the quest for the Orb.
     0 | D:1      | Reached XP level 1. HP: 19/19 MP: 0/0
   365 | D:1      | Reached XP level 2. HP: 27/27 MP: 1/1
   723 | D:2      | Reached skill level 3 in Unarmed Combat
   742 | D:2      | Found Fobriuprimm's Distillery.
   750 | D:2      | Reached XP level 3. HP: 32/33 MP: 2/2
   870 | D:2      | Found Huonoiso's Book Shoppe.
   894 | D:2      | Found Wusiublorch's Book Emporium.
   956 | D:2      | Found a faded altar of an unknown god.
   967 | D:2      | Prayed at the altar of an unknown god.
   967 | D:2      | Became a worshipper of Ru the Awakened
  1012 | D:2      | Gained mutation: You are hated by all. [Ru sacrifice]
  1012 | D:2      | Reached * piety under Ru
  1025 | D:2      | Found a shimmering altar of Xom.
  1176 | D:3      | Reached skill level 4 in Unarmed Combat
  1176 | D:3      | Reached XP level 4. HP: 30/41 MP: 3/3
  1281 | D:3      | Found a broken altar of Ashenzari.
  1398 | D:3      | Reached XP level 5. HP: 48/48 MP: 4/4
  1400 | D:3      | Found a glowing drain.
  1404 | Sewer    | Entered a sewer
  1474 | Sewer    | Noticed Pargi
  1483 | Sewer    | Killed Pargi
  1484 | Sewer    | Reached skill level 5 in Unarmed Combat
  1982 | D:3      | Reached XP level 6. HP: 43/55 MP: 5/5
  2604 | D:5      | Entered Level 5 of the Dungeon
  2613 | D:5      | Noticed Dowan
  2615 | D:5      | Noticed Duvessa
  2625 | D:5      | Killed Duvessa
  2633 | D:5      | Killed Dowan
  2634 | D:5      | Reached skill level 6 in Unarmed Combat
  2649 | D:4      | Reached XP level 7. HP: 53/62 MP: 6/6
  2762 | D:5      | Found a sand-covered staircase.
  2771 | Ossuary  | Entered an ossuary
  2939 | Ossuary  | Gained mutation: You occasionally lose the ability to drink
                  | potions when taking damage. [Ru sacrifice]
  2939 | Ossuary  | Gained mutation: You sometimes lose the ability to drink
                  | potions when taking damage. [Ru sacrifice]
  2939 | Ossuary  | Reached ** piety under Ru
  2939 | Ossuary  | Reached *** piety under Ru
  3027 | D:5      | Reached skill level 5 in Shapeshifting
  3069 | D:5      | Reached XP level 8. HP: 78/78 MP: 7/7
  3290 | D:5      | Noticed Menkaure
  3297 | D:5      | Killed Menkaure
  3405 | D:5      | Found a shimmering blue altar of Sif Muna.
  3426 | D:5      | Found an ancient bone altar of Kikubaaqudgha.
  3715 | D:6      | Reached skill level 5 in Fighting
  3835 | D:6      | Found a staircase to the Ecumenical Temple.
  3888 | Temple   | Entered the Ecumenical Temple
  3888 | Temple   | Found a transporter.
  3888 | Temple   | Found a transporter.
  3890 | Temple   | Found a transporter.
  3890 | Temple   | Found a transporter.
  4397 | D:7      | Reached XP level 9. HP: 84/89 MP: 8/8
  4517 | D:7      | Found a shimmering altar of Xom.
  4537 | D:7      | Reached skill level 7 in Unarmed Combat
  4857 | D:8      | Paralysed by a hornet for 3 turns
  4985 | D:8      | Reached skill level 8 in Unarmed Combat
  5022 | D:8      | Gained mutation: You cannot study or use magical devices.
                  | [Ru sacrifice]
  5022 | D:8      | Reached **** piety under Ru
  5022 | D:8      | Reached ***** piety under Ru
  5119 | D:8      | Noticed Erica
  5132 | D:8      | Killed Erica
  5133 | D:8      | Reached skill level 9 in Unarmed Combat
  5197 | D:8      | Reached XP level 10. HP: 89/98 MP: 7/9
  5367 | D:8      | Found a staircase to the Lair.
  5660 | D:9      | Found a bloodstained altar of Trog.
  5755 | D:9      | You fall into a shaft and drop 2 floors!
  5877 | D:11     | Reached skill level 10 in Unarmed Combat
  5897 | D:11     | Noticed a skeletal warrior
  5912 | D:11     | Killed a skeletal warrior
  6000 | D:11     | Reached skill level 5 in Dodging
  6003 | D:11     | Noticed a centaur warrior
  6020 | D:11     | HP: 2/98 [centaur warrior (7)]
  6022 | D:11     | Killed a centaur warrior
  6023 | D:11     | Reached skill level 11 in Unarmed Combat
  6023 | D:11     | Reached XP level 11. HP: 4/105 MP: 0/10
  6471 | D:11     | Noticed a two-headed ogre
  6476 | D:11     | Killed a two-headed ogre
  6721 | D:12     | Reached skill level 12 in Unarmed Combat
  6840 | D:12     | Gained mutation: Your casting is slightly disrupted. [Ru
                  | sacrifice]
  6876 | D:12     | Noticed a boulder beetle
  6892 | D:12     | Killed a boulder beetle
  6918 | D:12     | Noticed Urug
  6921 | D:13     | Noticed a centaur warrior
  6921 | D:13     | Noticed a boulder beetle
  6929 | D:12     | Killed Urug
  7096 | D:12     | Noticed Erolcha
  7101 | D:12     | Noticed an oklob plant
  7104 | D:12     | Killed Erolcha
  7236 | D:12     | Noticed a two-headed ogre
  7241 | D:12     | Killed a two-headed ogre
  7253 | D:12     | Noticed a brown ugly thing
  7257 | D:12     | Killed a brown ugly thing
  7258 | D:12     | Reached skill level 13 in Unarmed Combat
  7258 | D:12     | Reached XP level 12. HP: 114/114 MP: 8/11
  7851 | D:10     | Entered Level 10 of the Dungeon
  7854 | D:10     | Found a transporter.
  7854 | D:10     | Found a transporter.
  7854 | D:10     | Noticed a boulder beetle
  7885 | D:10     | Killed a boulder beetle
  8122 | D:10     | Found a flagged portal.
  8171 | Bailey   | Entered a bailey
  8371 | Bailey   | Got Mehuxke's Anthology of the Map
  8440 | D:10     | Found an iron altar of Okawaru.
  8651 | D:10     | Gained mutation: Your casting is disrupted. [Ru sacrifice]
  8964 | D:9      | Found a staircase to the Orcish Mines.
  9019 | D:9      | Found Tatazysux's Weapon Shoppe.
  9387 | D:10     | Noticed a two-headed ogre
  9392 | D:10     | Killed a two-headed ogre
  9660 | D:13     | Noticed a centaur warrior
  9665 | D:13     | Killed a centaur warrior
  9758 | D:13     | Reached skill level 14 in Unarmed Combat
  9784 | D:13     | Reached skill level 10 in Shapeshifting
  9794 | D:13     | Noticed a centaur warrior
  9800 | D:13     | Killed a centaur warrior
  9924 | D:13     | Noticed a five-headed hydra
  9931 | D:13     | Killed a five-headed hydra
  9935 | D:13     | Killed a centaur warrior
 10027 | D:13     | Noticed a seven-headed hydra
 10033 | D:13     | Killed a seven-headed hydra
 10039 | D:13     | Reached XP level 13. HP: 91/127 MP: 5/12
 10228 | D:13     | Noticed Lodul
 10254 | D:13     | Reached skill level 15 in Unarmed Combat
 10263 | D:13     | Slain by a red ugly thing

Illustrated notes

Levels and vault maps discovered:
D:1:      dpeg_arrival_castle, layout_loops_cross, minmay_strange_pillars,
          minmay_misc_feat_iff, minmay_stone_trees_small
D:2:      layout_rooms, ebering_ecumenical_altar_hall, basic_altar,
          serial_shops, nicolae_shop_hallway_stairs, shop, shop
D:3:      layout_basic, mainiacjoe_overflow_divided_tiny,
          gup_sewer_entry_spiral, kennysheep_generic_room_12
D:4:      layout_basic, minmay_strange_pillars, lemuel_flame_loot_1
D:5:      layout_rooms, mainiacjoe_overflow_alcove_1, tgw_kikubaaqudgha,
          nicolae_ossuary_entry_catacombs, uniq_menkaure, uniq_duvessa
D:6:      layout_loops_ring, minmay_temple_entry_glassed_door
D:7:      layout_cave_pools, mainiacjoe_overflow_24_doors
D:8:      layout_basic, lair_entry_dummy, minmay_misc_feat_doors,
          grunt_ministairs_12, uniq_erica
D:9:      layout_roguey, mainiacjoe_overflow_small_starburst, david_orc_3,
          serial_shops, nicolae_diamond_shop
D:10:     gammafunk_boulding_lane, layout_basic, okawaru_metal_pillars_3,
          enter_bailey_2
D:11:     layout_roguey, st_stairs_12, onia_ninara_cookie
D:12:     layout_roguey, tgw_fedhas, uniq_urug, uniq_erolcha
D:13:     layout_roguey [special_room_orc], minmay_fractal_squares_diagonal_5,
          uniq_lodul
Temple:   hellmonk_temple_divided_pantheon

Skill      XL: |  1  2  3  4  5  6  7  8  9 10 11 12 13 |
---------------+----------------------------------------+-----
Unarmed Combat | 3 4 5 6 9 11 13 14 15 | 15.0
Shapeshifting  | 4 5 6 7 8 9 10 | 10.5
Fighting       | 3 6 7 8 |  8.0
Dodging        | 3 5 6 7 |  7.0

Action                     |  1- 3 |  4- 6 |  7- 9 | 10-12 | 13-15 || total
---------------------------+-------+-------+-------+-------+-------++-------
  Melee: Unarmed           |    62 |   103 |   230 |   406 |    28 ||   829
         Punch             |     2 |     1 |     9 |     5 |       ||    17
         Constrict         |       |       |       |    47 |     6 ||    53
 Invoke: Sacrifice Love    |     1 |       |       |       |       ||     1
         Sacrifice Drink   |       |       |     1 |       |       ||     1
         Draw Out Power    |       |       |     1 |     3 |     1 ||     5
         Sacrifice Artific |       |       |     1 |       |       ||     1
         Power Leap        |       |       |       |     2 |       ||     2
         Sacrifice Essence |       |       |       |     2 |       ||     2
         Apocalypse        |       |       |       |     1 |       ||     1
    Use: Scroll            |     3 |       |     2 |     4 |     1 ||    10
   Stab: Sleeping          |       |     1 |       |     1 |       ||     2
         Invisible         |       |       |     2 |     3 |       ||     5
         Distracted        |       |       |       |     1 |       ||     1
         Paralysed         |       |       |       |     4 |       ||     4
 Armour: Animal skin       |    14 |    14 |    27 |       |       ||    55
         Swamp dragon scal |       |       |    54 |    40 |       ||    94
         Skin              |       |       |       |    81 |     6 ||    87
  Dodge: Dodged            |    33 |    40 |    88 |   203 |    13 ||   377
         Form:             |       |       |     1 |       |       ||     1
         Beast             |       |       |     1 |       |       ||     1
         Anaconda          |       |       |       |     1 |       ||     1

Table legend: (Time is in decaauts)
 A = Elapsed time spent in this place.
 B = Non-inter-level travel time spent in this place.
 C = Inter-level travel time spent in this place.
 D = Time resting spent in this place.
 E = Time spent auto-exploring this place.
 F = Levels seen in this place.
 G = Mean time per level.
                   A        B        C        D        E       F      G
               +--------+--------+--------+--------+--------+-----+--------+
         Total |  10143 |   9664 |    479 |    500 |   6761 |  17 |  596.6 |
       Dungeon |   9519 |   9040 |    479 |    500 |   6436 |  13 |  732.2 |
        Temple |     37 |     37 |      0 |      0 |      6 |   1 |   37.0 |
         Sewer |    127 |    127 |      0 |      0 |     80 |   1 |  127.0 |
       Ossuary |    233 |    233 |      0 |      0 |    108 |   1 |  233.0 |
        Bailey |    225 |    225 |      0 |      0 |    131 |   1 |  225.0 |
               +--------+--------+--------+--------+--------+-----+--------+

Top non-repeatable levels by time:
    D:12: 1187 daAuts
     D:3: 950 daAuts
    D:11: 909 daAuts
    D:10: 829 daAuts
     D:5: 764 daAuts
     D:8: 761 daAuts
     D:1: 717 daAuts
    D:13: 697 daAuts
     D:6: 668 daAuts
     D:7: 624 daAuts
     D:9: 606 daAuts
     D:4: 419 daAuts
     D:2: 383 daAuts
 Ossuary: 233 daAuts
  Bailey: 225 daAuts
